 Dungeon Crawl Stone Soup version 0.19.4-9-g45fd643 (webtiles) character file.

1307 oplop the Chiller (level 8, 0/52 HPs)
             Began as an Octopode Ice Elementalist on Feb 22, 2017.
             Was a Follower of Cheibriados.
             Slain by a small abomination (11 damage)
             ... summoned by miscasting Summon Ice Beast
             ... on level 7 of the Dungeon.
             The game lasted 00:16:26 (8143 turns).

oplop the Chiller (Octopode Ice Elementalist)       Turns: 8143, Time: 00:16:27

Health: 0/52       AC:  7    Str:  9    XL:     8   Next: 57%
Magic:  9/23       EV: 15    Int: 21    God:    Cheibriados [*.....]
Gold:   485        SH:  0    Dex: 15    Spells: 4 memorised, 5 levels left

rFire  . . .     SeeInvis .     u - +0 rapier (freeze)
rCold  . . .     Gourm    .     (no shield)
rNeg   . . .     Faith    .     (helmet restricted)
rPois  .         Spirit   .     (no amulet)
rElec  .         Reflect  .     p - ring of magical power
rCorr  .         Harm     .     (no ring)
MR     .....                    t - +5 ring of slaying
Stlth  +++.......               (no ring)
                                (no ring)
                                (no ring)
                                (no ring)
                                (no ring)

@: icy armour, very slightly contaminated, very slow
A: almost no armour, stealthy swim, amphibious, 8 rings, constrict 8, camouflage
1, gelatinous body 1
a: Bend Time, Renounce Religion


You were on level 7 of the Dungeon.
You worshipped Cheibriados.
Cheibriados was aware of your devotion.
You were not hungry.

You visited 2 branches of the dungeon, and saw 8 of its levels.

You collected 485 gold pieces.

Inventory:

Hand Weapons
 u - a +0 rapier of freezing (weapon)
Armour
 n - a +0 buckler
Jewellery
 p - a ring of magical power (left tentacle)
 t - a +5 ring of slaying (on tentacle)
Wands
 c - a wand of digging (14/24)
Scrolls
 e - 2 scrolls of blinking
 m - 9 scrolls of identify
 s - a scroll of random uselessness {unknown}
 v - 3 scrolls of remove curse
Potions
 d - 3 potions of curing {unknown}
 g - 2 potions of magic {unknown}
 h - 2 potions of ambrosia {unknown}
 i - 2 potions of haste {unknown}
 o - 2 potions of might {unknown}
 q - 2 potions of invisibility {unknown}
 r - 2 potions of cure mutation {unknown}
Books
 a - a book of Frost

   Spells                             Type                      Level
   a - Freeze                         Ice                          1
   b - Throw Frost                    Conjuration/Ice              2
   c - Ozocubu's Armour               Charms/Ice                   3
   d - Throw Icicle                   Conjuration/Ice              4
   e - Summon Ice Beast               Ice/Summoning                4
Comestibles
 b - 7 bread rations
 f - 5 meat rations


   Skills:
 - Level 3.4 Fighting
 + Level 3.9 Dodging
 - Level 2.6 Stealth
 + Level 4.4 Spellcasting
 - Level 1.0 Conjurations
 * Level 3.8 Summonings
 * Level 6.6 Ice Magic
 * Level 2.1 Invocations


You had 5 spell levels left.
You knew the following spells:

 Your Spells              Type           Power        Failure   Level  Hunger
a - Freeze                Ice            ####         1%          1    None
b - Ozocubu's Armour      Chrm/Ice       ###.....     12%         3    ##.....
c - Summon Ice Beast      Ice/Summ       ####....     17%         4    ####...
d - Throw Frost           Conj/Ice       ###...       4%          2    #......


Dungeon Overview and Level Annotations

Branches:
Dungeon (7/15)             Temple (1/1) D:6

Altars:
Ashenzari
Cheibriados
Dithmenos
Elyvilon
Fedhas
Makhleb
Okawaru
Qazlal
Ru
Trog
Vehumet
Yredelemnul
Zin
The Shining One

Shops:
D:4 :   D:6 (

Annotations:
D:4 exclusion: 3 ogres
D:5 exclusion: centaur
D:7 exclusion: ice beast


Innate Abilities, Weirdness & Mutations

You cannot wear most types of armour.
You are very stealthy in the water. (Stealth+)
You are amphibious.
You can wear up to eight rings at the same time.
You can use your tentacles to constrict eight enemies at once.
Your skin changes colour to match your surroundings (Stealth+).
Your rubbery body absorbs attacks. (AC +1, EV +1)


Message History

Your ice beast hits the phantom.
Your ice beast freezes the phantom.
The phantom resists.
The phantom completely misses your ice beast.
The small abomination barely misses you.
The small abomination hits you but does no damage.
Your ice beast hits the phantom.
Your ice beast freezes the phantom.
The phantom resists.
The phantom closely misses you.
Your ice beast hits the phantom.
Your ice beast freezes the phantom.
The phantom resists.
The small abomination barely misses your ice beast.
The small abomination hits you!!
* * * LOW HITPOINT WARNING * * *
The phantom hits your ice beast!
Your ice beast barely misses the phantom.
The small abomination hits your ice beast!
Your ice beast dies!
Casting: Ozocubu's Armour
Confirm with . or Enter, or press ? or * to list all spells.
A chill wind blows around you. The small abomination hits you!
You die...

....#.###..#.#.########.#.#......
#'#.#.#<(..#..........#.#.....#..
#.#.#...(..###.######.#.#####.#.#
#.#.#####...()..............#.#.#
#.#.#.....###)#.#####.#.###.#.#.#
#.#.#.########......#.#.# #.#.#)#
#.#.#.# #.....<....#.#.# #.#.#.#
#.#.#.####.###.######.#.###.#.#.#
..............Wx@.[..............
).#.#######..xY##############.#.#
........=.'...................#+#
........###....############......
..#'###.# ####.# #......
).....#)## #.# #......
......#..#####.################'#
......'....................)....#
......#...####.##################


You could see a phantom, 2 small abominations and a friendly ice beast.

Vanquished Creatures
  A water moccasin (D:7)
  A bullfrog (D:7)
  A scorpion (D:6)
  A crimson imp (D:5)
  A centaur zombie (D:5)
  An orc priest (D:4)
  A centaur skeleton (D:6)
  2 hounds
  Ijyb (D:2)
  3 worker ants
  2 iguanas
  A hound skeleton (D:5)
  Robin (D:1)
  10 adders
  2 oozes
  2 adder skeletons
  2 worms
  3 dart slugs (D:2)
  3 leopard geckos
  8 orcs
  5 giant cockroaches
  20 goblins
  10 hobgoblins
  5 jackals
  11 kobolds
  5 quokkas
  A ball python (D:1)
  A ball python skeleton (D:3)
  11 bats
  7 frilled lizards
  A goblin zombie (D:7)
  2 jackal skeletons
  A leopard gecko zombie (D:7)
  A quokka skeleton (D:4)
  6 rats
  A rat zombie (D:7)
135 creatures vanquished.

Vanquished Creatures (collateral kills)
  A troll (D:6)
  A hippogriff (D:7)
  A black bear (D:6)
  An ogre (D:5)
  A phantom (D:7)
  A big kobold (D:7)
  A bullfrog (D:7)
  A scorpion (D:5)
  6 orcs
  6 kobolds (D:7)
20 creatures vanquished.

Grand Total: 155 creatures vanquished

Notes
Turn   | Place    | Note
-------+----------+-------------------------------------------
     0 | D:1      | oplop the Octopode Ice Elementalist began the quest for the Orb.
     0 | D:1      | Reached XP level 1. HP: 11/11 MP: 3/3
   396 | D:1      | Reached XP level 2. HP: 18/18 MP: 5/5
   839 | D:1      | Reached XP level 3. HP: 17/22 MP: 6/6
   874 | D:1      | Reached skill level 1 in Fighting
  1517 | D:2      | Reached skill level 4 in Ice Magic
  1517 | D:2      | Reached XP level 4. HP: 24/28 MP: 0/7
  1883 | D:2      | Noticed Ijyb
  1917 | D:1      | Learned a level 3 spell: Ozocubu's Armour
  1978 | D:2      | Killed Ijyb
  2302 | D:2      | Noticed Robin
  2319 | D:1      | Reached XP level 5. HP: 28/34 MP: 9/9
  2323 | D:1      | Killed Robin
  2995 | D:3      | Found an iron altar of Okawaru.
  3666 | D:4      | Noticed an ogre
  3850 | D:4      | Found Lehobeju's Book Emporium.
  3851 | D:4      | Noticed an ogre
  3953 | D:4      | Reached skill level 5 in Ice Magic
  4194 | D:4      | Reached XP level 6. HP: 4/40 MP: 3/11
  4739 | D:5      | Entered Level 5 of the Dungeon
  5153 | D:5      | Learned a level 4 spell: Summon Ice Beast
  5235 | D:5      | Reached XP level 7. HP: 42/45 MP: 9/12
  5263 | D:5      | Reached skill level 1 in Summonings
  5631 | D:6      | Found a staircase to the Ecumenical Temple.
  5658 | D:6      | Noticed a troll
  5694 | D:6      | cribozai: ??beem
  5695 | D:6      | beem: beem[1/6]: beem is a WebTiles chat bot that sends commands to the DCSS IRC knowledge bots. For details, see https://github.com/gammafunk/beem/blob/master/docs/commands.md ; if you see beem in chat, type the following to have it watch your games on that server: !beem subscribe
  5740 | D:5      | cribozai: !beem subscribe
  5741 | D:5      | beem: Subscribed. I will now watch all games of user cribozai
  6267 | D:6      | Learned a level 2 spell: Throw Frost
  6281 | D:6      | Reached skill level 6 in Ice Magic
  6325 | D:6      | Lost strength.
  6382 | D:6      | Found Meg Uxob's Weapon Boutique.
  6779 | D:6      | Killed a troll
  6779 | D:6      | Reached XP level 8. HP: 15/52 MP: 1/14
  6789 | Temple   | Entered the Ecumenical Temple
  6966 | Temple   | Became a worshipper of Cheibriados the Contemplative
  7018 | D:7      | Noticed a hippogriff
  7027 | D:7      | Killed a hippogriff
  7027 | D:7      | Reached skill level 1 in Invocations
  7758 | D:7      | Reached * piety under Cheibriados
  8143 | D:7      | Slain by a small abomination

Skill      XL: |  1  2  3  4  5  6  7  8 |
---------------+-------------------------+-----
Fighting       | 1 2 3 |  3.4
Ice Magic      | 4 5 6 |  6.6
Spellcasting   | 3 4 |  4.4
Summonings     | 2 3 |  3.8
Dodging        | 3 |  3.9
Invocations    | 2 |  2.1
Stealth        | |  2.6
Conjurations   | |  1.0

Action                   |  1- 3 |  4- 6 |  7- 9 || total
-------------------------+-------+-------+-------++-------
Melee: Unarmed           |    80 |   156 |    82 ||   318
       Constrict         |    30 |    46 |    22 ||    98
       Tentacles         |    17 |    14 |     9 ||    40
       Rapier            |       |       |    21 ||    21
 Cast: Freeze            |    21 |    49 |     8 ||    78
       Ozocubu's Armour  |       |     4 |     6 ||    10
       Summon Ice Beast  |       |       |    16 ||    16
       Throw Frost       |       |       |     1 ||     1
  Use: Scroll            |       |     7 |     3 ||    10
       Potion            |       |       |     2 ||     2
 Stab: Sleeping          |    12 |    11 |     5 ||    28
       Distracted        |       |       |     1 ||     1
  Eat: Chunk             |     2 |    11 |     6 ||    19
       Fruit             |       |     1 |     4 ||     5
       Pizza             |       |       |     1 ||     1
       Meat ration       |       |       |     1 ||     1
       Beef jerky        |       |       |     1 ||     1
Armor: Skin              |     9 |    21 |    14 ||    44
Dodge: Dodged            |    49 |   128 |    90 ||   267
